 Dungeon Crawl Stone Soup version 0.31-a0-188-g5e087ee2ca (webtiles) character file.

Game seed: 10347809713716090505

215 qw the Skirmisher (level 5, -4/30 HPs)
             Began as a Deep Elf Hunter on June 23, 2023.
             Slain by a gnoll
             ... wielding a +0 spear
              (8 damage)
             ... on level 3 of the Dungeon.
             The game lasted 00:00:56 (2304 turns).

qw the Skirmisher (Deep Elf Hunter)                 Turns: 2304, Time: 00:00:56

Health: -4/30      AC:  6    Str: 10    XL:     5   Next: 60%
Magic:  7/7        EV: 11    Int: 14    God:
Gold:   40         SH:  5    Dex: 18    Spells: 4/4 levels left

rFire   . . .        e - +0 orcbow
rCold   . . .        (shield currently unavailable)
rNeg    . . .        f - +0 ring mail
rPois   .            b - +0 helmet
rElec   .            (no cloak)
rCorr   .            (no gloves)
SInv    .            (no boots)
Will    .....        d - amulet of reflection
Stlth   +            (no ring)
HPRegen 0.25/turn    (no ring)
MPRegen 0.10/turn

%: reflection
@: no status effects
A: no striking features
a: no special abilities


You were on level 3 of the Dungeon.
You visited 1 branch of the dungeon, and saw 3 of its levels.
You also visited: Sewer.

You collected 70 gold pieces.
You spent 30 gold pieces at shops.


   Skills:
 - Level 2.0 Fighting
 + Level 9.0 Ranged Weapons
 - Level 2.4 Dodging
 - Level 1.2 Stealth


You had 4 spell levels left.
You didn't know any spells.
Your spell library was empty.

Inventory:

Hand Weapons
 e - a +0 orcbow (weapon)
Armour
 b - a +0 helmet (worn)
 f - a +0 ring mail (worn)
Jewellery
 d - an amulet of reflection (around neck)
Scrolls
 c - a scroll of identify
Potions
 a - 3 potions of curing
 g - a potion of brilliance {unknown}
 h - a potion of heal wounds {unknown}

Dungeon Overview and Level Annotations

Branches:
Dungeon (3/15)              Sewer (visited)

Altars:

Shops:
D:2 !

Annotations:
D:3 exclusion: 2 gnolls


Message History

Enter note: You shoot an arrow.
The arrow hits the gnoll.
The gnoll is lightly wounded.
The gnoll throws a stone.
The stone hits you. The gnoll hits you but does no damage.
You shoot an arrow. The arrow closely misses the gnoll.
The gnoll throws a stone.
The stone hits you but does no damage.
The gnoll hits you from afar with a +0 spear.
You shoot an arrow. The arrow barely misses the gnoll.
The gnoll hits you from afar with a +0 spear.
You shoot an arrow. The arrow hits the gnoll.
The gnoll is heavily wounded.
The gnoll barely misses you.
The gnoll hits you from afar with a +0 spear.
You shoot an arrow. The arrow closely misses the gnoll.
The gnoll barely misses you. The gnoll hits you but does no damage.
You shoot an arrow. The arrow closely misses the gnoll.
You block the gnoll's attack. The gnoll closely misses you.
The gnoll barely misses you.
You shoot an arrow. The arrow hits the gnoll.
The gnoll is almost dead.
The gnoll hits you from afar with a +0 spear.
The gnoll hits you but does no damage.
The gnoll throws a stone.
The stone barely misses you.
You shoot an arrow. The arrow hits the gnoll!
You kill the gnoll!
The gnoll throws a stone.
The stone misses you.
Your Fighting skill increases to level 2!
You shoot an arrow. The arrow barely misses the gnoll.
The gnoll closely misses you.
You shoot an arrow. The arrow hits the gnoll!
The gnoll is severely wounded.
The gnoll hits you but does no damage.
You shoot an arrow.
The arrow hits the gnoll but does no damage.
The gnoll is severely wounded.
The gnoll barely misses you.
You shoot an arrow. The arrow barely misses the gnoll.
The gnoll hits you from afar with a +0 spear!
You die...

#........# #.##.###### #...)....#
#.##....... ###[.....#
#.#....###. ##......# #.#....#
####.......# #.#....#
#..........############.##...####
..#...#....##........##..........
..~~~~~....##........#####..#####
#~~~~~~~#...#...@........#<.....#
~~~~~~~~~...#........###.#..###.#
.~~~.~~~....#..g)....# #.#..###.#
.~~~~~~~....#........# #.#......#
#~~~~~~~#...#........###.#.######
..~~~~~....)#............).......
..#...#.......##.##........######
#.............##.##........#
..#..#........##.##........#


You could see a gnoll.

Vanquished Creatures
  Pargi (Sewer)
  Robin (D:3)
  3 gnolls (D:3)
  2 worms (D:2)
  2 dart slugs
  2 orcs (D:3)
  5 endoplasms
  3 giant cockroaches
  14 goblins
  4 hobgoblins
  2 jackals (D:2)
  4 quokkas
  6 ball pythons
  4 bats
  4 frilled lizards
  7 kobolds
  3 rats
67 creatures vanquished.

Notes
Turn   | Place    | Note
-------+----------+-------------------------------------------
     0 | D:1      | qw the Deep Elf Hunter began the quest for the Orb.
     0 | D:1      | Reached XP level 1. HP: 12/12 MP: 3/3
     0 | D:1      | 0 ||| qw: Version: 0.3-a-9-g12657ce
     0 | D:1      | 0 ||| qw: Game counter: 3776
     0 | D:1      | 0 ||| qw: Always use a shield: true
     0 | D:1      | 0 ||| qw: God list: Okawaru
     0 | D:1      | 0 ||| qw: Allow faded altars: false
     0 | D:1      | 0 ||| qw: Do Orc after D:15 true
     0 | D:1      | 0 ||| qw: Do second Lair branch before Depths: true
     0 | D:1      | 0 ||| qw: Lair rune preference: random
     0 | D:1      | 0 ||| qw: Plans: Normal
     0 | D:1      | 0 ||| PLANNING D:1-11
   208 | D:1      | Reached XP level 2. HP: 16/16 MP: 4/4
   213 | D:1      | Reached skill level 6 in Ranged Weapons
   662 | D:1      | 662 ||| UPGRADING to +0 ring mail.
   672 | D:1      | 672 ||| DROPPING +0 leather armour.
   673 | D:1      | 673 ||| READING scroll labelled JIETA WIMN.
   674 | D:1      | 674 ||| DRINKING 3 amethyst potions.
   675 | D:1      | 675 ||| DROPPING scroll of butterflies.
   676 | D:1      | 676 ||| DROPPING 2 potions of attraction.
   776 | D:2      | Reached XP level 3. HP: 20/20 MP: 5/5
   877 | D:2      | Found Okkauroor's Distillery.
   884 | D:2      | 884 ||| SHOPLISTING 2 potions of cancellation (160 gold,
                  | have 51).
   884 | D:2      | 884 ||| BUYING potion of curing (30 gold).
   884 | D:2      | Bought a potion of curing for 30 gold pieces
   884 | D:2      | 884 ||| SHOPLISTING potion of curing (30 gold, have 21).
   884 | D:2      | 884 ||| SHOPLISTING potion of mutation (80 gold, have 21).
   884 | D:2      | 884 ||| SHOPLISTING potion of resistance (100 gold, have
                  | 21).
  1007 | D:2      | 1007 ||| READING scroll labelled XITENI ESMO.
  1108 | D:2      | 1108 ||| READING scroll labelled YNLASTR GOUHYKY.
  1134 | D:2      | 1134 ||| STAIRDANCE
  1387 | D:2      | Reached skill level 7 in Ranged Weapons
  1498 | D:2      | 1498 ||| UPGRADING to amulet of reflection.
  1503 | D:2      | 1503 ||| READING scroll labelled VACHIE BAOMENI.
  1504 | D:2      | 1504 ||| READING scroll labelled GUIFAUN RANGOR.
  1511 | D:3      | 1511 ||| PLANNING SEWER
  1519 | D:3      | Noticed Robin
  1539 | D:3      | HP: 5/20 [Robin/+0 club (3)]
  1541 | D:3      | Killed Robin
  1543 | D:3      | HP: 2/20 [goblin/+0 club[Robin] (1)]
  1545 | D:3      | Reached XP level 4. HP: 3/25 MP: 6/6
  1608 | D:3      | 1608 ||| FLEEEEING.
  1609 | D:3      | 1609 ||| FLEEEEING.
  1612 | D:3      | 1612 ||| FLEEEEING.
  1613 | D:3      | 1613 ||| FLEEEEING.
  1614 | D:3      | 1614 ||| STAIRDANCE
  1790 | D:3      | Found a glowing drain.
  1791 | D:3      | 1791 ||| UPGRADING to +0 helmet.
  1805 | Sewer    | Entered a sewer
  1852 | Sewer    | 1852 ||| SWAPPING to +0 orcbow.
  1853 | Sewer    | 1853 ||| DROPPING +0 shortbow.
  1889 | Sewer    | Noticed Pargi
  1894 | Sewer    | Killed Pargi
  1895 | Sewer    | Reached skill level 8 in Ranged Weapons
  1895 | Sewer    | Reached XP level 5. HP: 22/29 MP: 7/7
  1959 | D:3      | 1959 ||| PLANNING D:1-11
  2126 | D:3      | Reached skill level 9 in Ranged Weapons
  2290 | D:3      | 2290 ||| FLEEEEING.
  2291 | D:3      | 2291 ||| FLEEEEING.
  2292 | D:3      | 2292 ||| FLEEEEING.
  2295 | D:3      | HP: 7/30 [gnoll/+0 spear (3)]
  2296 | D:3      | HP: 3/30 [gnoll/+0 spear (4)]
  2304 | D:3      | Slain by a gnoll

Levels and vault maps discovered:
D:1:      spicycebolla_arrival_ecumenical, layout_basic
D:2:      layout_loops_ring, serial_shops, nicolae_shop_industrial_runoff
D:3:      layout_basic, cheibrodos_sewer_entry_drain, uniq_robin

Skill      XL: |  1  2  3  4  5 |
---------------+----------------+-----
Ranged Weapons | 6 7 8 9 |  9.0
Fighting       | 2 |  2.0
Dodging        | |  2.4
Stealth        | |  1.2

Action                     |  1- 3 |  4- 6 || total
---------------------------+-------+-------++-------
   Fire: Shortbow          |   130 |    30 ||   160
         Orcbow            |       |    49 ||    49
    Use: Scroll            |     5 |       ||     5
         Potion            |     1 |       ||     1
 Armour: Leather armour    |     4 |       ||     4
         Ring mail         |     7 |    23 ||    30
  Dodge: Dodged            |    33 |    29 ||    62
  Block: Other             |     6 |    11 ||    17

Table legend:
 A = Non-vault XP
 B = Vault XP
 C = Vault XP percentage of total XP
 D = Non-vault monster count
 E = Vault monster count
 F = Vault count percentage of total count
                 A         B        C        D         E       F
            +---------+---------+-------+---------+---------+-------
      Total |     131 |     177 |  57.5 |      48 |      19 |  28.4
            +---------+---------+-------+---------+---------+-------
        D:1 |      32 |       0 |   0.0 |      19 |       0 |   0.0
        D:2 |      32 |       0 |   0.0 |      14 |       0 |   0.0
        D:3 |      67 |      39 |  36.8 |      15 |      13 |  46.4
      Sewer |       0 |     138 | 100.0 |       0 |       6 | 100.0
            +---------+---------+-------+---------+---------+-------
